 Dungeon Crawl Stone Soup version 0.31-a0-177-g4aa6249778 (webtiles) character file.

Game seed: 5544543094752755099

200 qw the Shooter (level 5, -4/45 HPs)
             Began as a Naga Hunter on June 18, 2023.
             Slain by a gnoll
             ... wielding a +0 halberd
              (16 damage)
             ... on level 2 of the Dungeon.
             The game lasted 00:00:20 (869 turns).

qw the Shooter (Naga Hunter)                         Turns: 869, Time: 00:00:21

Health: -4/45      AC:  3    Str: 13    XL:     5   Next: 79%
Magic:  5/5        EV:  9    Int: 10    God:
Gold:   54         SH:  0    Dex: 16    Spells: 4/4 levels left

rFire   . . .        Y - +0 shortbow
rCold   . . .        (shield currently unavailable)
rNeg    . . .        c - +0 leather armour
rPois   +            (no helmet)
rElec   .            (no cloak)
rCorr   .            (no gloves)
SInv    +            (no barding)
Will    .....        (no amulet)
Stlth   ++           (no ring)
HPRegen 0.27/turn    (no ring)
MPRegen 0.09/turn

%: no passive effects
@: very slow
A: AC +1, large, see invisible, deformed body, poison resistance, slowness 2,
spit poison 1, naga tail 1
a: Spit Poison


You were on level 2 of the Dungeon.
You visited 1 branch of the dungeon, and saw 2 of its levels.

You collected 54 gold pieces.


Innate Abilities, Weirdness & Mutations

Your serpentine skin is tough. (AC +1)
You have supernaturally acute eyesight. (SInv)
Armour fits poorly on your strangely shaped body.
Your system is resistant to poisons. (rPois)
You cover ground very slowly.
You can spit poison.
You have a snake-like lower body.


   Skills:
 + Level 2.2 Fighting
 - Level 6.1 Ranged Weapons
 - Level 1.5 Dodging
 - Level 1.5 Stealth


You had 4 spell levels left.
You didn't know any spells.
Your spell library was empty.

Inventory:

Hand Weapons
 Y - a +0 shortbow (weapon)
Armour
 c - a +0 leather armour (worn)
Scrolls
 a - a scroll of summoning {unknown}
Potions
 b - a potion of attraction {unknown}
 d - a potion of lignification {unknown}
 e - a potion of brilliance {unknown}

Dungeon Overview and Level Annotations

Branches:
Dungeon (2/15)

Altars:


Message History

A gnoll comes into view. It is wielding a +0 halberd.
The gnoll moves out of view.
The gnoll shouts!
A gnoll comes into view. It is wielding a +0 club.
Enter note:
861 ||| INVOKING Spit Poison.
Aiming: Spit Poison (1% risk of failure)
Press: ? - help, Shift-Dir - straight line, f - gnoll The splash of poison hits the gnoll.
The gnoll is heavily wounded.
A rat comes into view.
You shoot an arrow. The arrow barely misses the gnoll.
The gnoll hits you with a +0 club.
863 ||| Stepping ~*~*~tactically~*~*~ (outnumbered).
You have got your breath back.
864 ||| INVOKING Spit Poison.
Aiming: Spit Poison (1% risk of failure)
Press: ? - help, Shift-Dir - straight line, f - gnoll, p - gnoll The splash of poison hits the gnoll.
The gnoll is poisoned.
The gnoll is moderately wounded.
The gnoll hits you with a +0 club.
The gnoll hits you from afar with a +0 halberd.
You shoot an arrow. The arrow hits the gnoll.
The gnoll is severely wounded.
The gnoll hits you with a +0 club. The gnoll barely misses you.
You shoot an arrow. The arrow hits the gnoll.
You kill the gnoll!
The gnoll hits you from afar with a +0 halberd!
You shoot an arrow. The arrow hits the gnoll.
The gnoll is heavily wounded.
The gnoll barely misses you. x2; The gnoll closely misses you.
The gnoll hits you from afar with a +0 halberd!
You shoot an arrow. The arrow hits the gnoll!
The gnoll is almost dead.
The gnoll barely misses you. The gnoll closely misses you.
You shoot an arrow. The arrow hits the gnoll!
You kill the gnoll!
You have got your breath back.
The gnoll hits you from afar with a +0 halberd!
You die...

##...## ##'## ..
#######.# r#
........# .#
######..## .##
##...## g.
##.....## .#
#......(######g#
###..##.....@)%#
#..###########
....# ####.# #.#
#.


You could see a gnoll.

Vanquished Creatures
  Sigmund (D:2)
  2 gnolls (D:2)
  4 ball pythons
  3 endoplasms (D:1)
  2 giant cockroaches (D:1)
  A goblin (D:1)
  8 hobgoblins
  2 quokkas (D:1)
  4 bats
  3 frilled lizards (D:1)
  2 kobolds (D:1)
  2 rats
34 creatures vanquished.

Notes
Turn   | Place    | Note
-------+----------+-------------------------------------------
     0 | D:1      | qw the Naga Hunter began the quest for the Orb.
     0 | D:1      | Reached XP level 1. HP: 19/19 MP: 1/1
     0 | D:1      | 0 ||| qw: Version: 0.3-a-5-g6f28e65
     0 | D:1      | 0 ||| qw: Game counter: 618
     0 | D:1      | 0 ||| qw: Always use a shield: true
     0 | D:1      | 0 ||| qw: God list: Okawaru
     0 | D:1      | 0 ||| qw: Allow faded altars: false
     0 | D:1      | 0 ||| qw: Do Orc after D:15 true
     0 | D:1      | 0 ||| qw: Do second Lair branch before Depths: true
     0 | D:1      | 0 ||| qw: Lair rune preference: random
     0 | D:1      | 0 ||| qw: Plans: Normal
     0 | D:1      | 0 ||| PLANNING D:1-11
    10 | D:1      | 10 ||| INVOKING Spit Poison.
    87 | D:1      | 87 ||| INVOKING Spit Poison.
   136 | D:1      | 136 ||| INVOKING Spit Poison.
   141 | D:1      | Found a faded altar of an unknown god.
   150 | D:1      | 150 ||| INVOKING Spit Poison.
   153 | D:1      | Reached skill level 4 in Ranged Weapons
   153 | D:1      | Reached XP level 2. HP: 26/26 MP: 2/2
   186 | D:1      | 186 ||| INVOKING Spit Poison.
   192 | D:1      | 192 ||| INVOKING Spit Poison.
   218 | D:1      | 218 ||| INVOKING Spit Poison.
   266 | D:1      | 266 ||| INVOKING Spit Poison.
   342 | D:1      | 342 ||| INVOKING Spit Poison.
   354 | D:1      | 354 ||| INVOKING Spit Poison.
   386 | D:1      | 386 ||| INVOKING Spit Poison.
   393 | D:1      | 393 ||| INVOKING Spit Poison.
   407 | D:1      | 407 ||| INVOKING Spit Poison.
   410 | D:1      | Reached XP level 3. HP: 32/32 MP: 3/3
   410 | D:1      | 410 ||| INVOKING Spit Poison.
   493 | D:1      | 493 ||| INVOKING Spit Poison.
   622 | D:1      | 622 ||| READING scroll labelled YRAICOE QAGO.
   623 | D:1      | 623 ||| DROPPING scroll of butterflies.
   664 | D:2      | 664 ||| INVOKING Spit Poison.
   685 | D:2      | Noticed Sigmund
   686 | D:2      | 686 ||| INVOKING Spit Poison.
   691 | D:2      | 691 ||| INVOKING Spit Poison.
   695 | D:2      | 695 ||| INVOKING Spit Poison.
   695 | D:2      | Killed Sigmund
   696 | D:2      | Reached skill level 6 in Ranged Weapons
   696 | D:2      | Reached XP level 4. HP: 26/39 MP: 4/4
   696 | D:2      | Reached XP level 5. HP: 30/45 MP: 5/5
   823 | D:2      | 823 ||| INVOKING Spit Poison.
   827 | D:2      | 827 ||| INVOKING Spit Poison.
   843 | D:2      | 843 ||| INVOKING Spit Poison.
   861 | D:2      | 861 ||| INVOKING Spit Poison.
   863 | D:2      | 863 ||| Stepping ~*~*~tactically~*~*~ (outnumbered).
   864 | D:2      | 864 ||| INVOKING Spit Poison.
   867 | D:2      | HP: 11/45 [gnoll/+0 halberd (13)]
   869 | D:2      | Slain by a gnoll

Levels and vault maps discovered:
D:1:      dpeg_arrival_court, layout_rooms,
          shapermc_ecumenical_altar_mp_ritualfount
D:2:      layout_loops_corners, uniq_sigmund, uniq_natasha,
          uniq_crazy_yiuf_cottage

Skill      XL: |  1  2  3 |
---------------+----------+-----
Ranged Weapons | 4 6 |  6.1
Fighting       | |  2.2
Dodging        | |  1.5
Stealth        | |  1.5

Action                     |  1- 3 |  4- 6 || total
---------------------------+-------+-------++-------
   Fire: Shortbow          |    42 |    11 ||    53
Ability: Spit Poison       |    19 |     5 ||    24
    Use: Scroll            |     1 |       ||     1
 Armour: Leather armour    |     2 |     2 ||     4
  Dodge: Dodged            |     6 |    11 ||    17

Table legend:
 A = Non-vault XP
 B = Vault XP
 C = Vault XP percentage of total XP
 D = Non-vault monster count
 E = Vault monster count
 F = Vault count percentage of total count
                 A         B        C        D         E       F
            +---------+---------+-------+---------+---------+-------
      Total |      79 |     223 |  73.8 |      33 |       1 |   2.9
            +---------+---------+-------+---------+---------+-------
        D:1 |      40 |       0 |   0.0 |      25 |       0 |   0.0
        D:2 |      39 |     223 |  85.1 |       8 |       1 |  11.1
            +---------+---------+-------+---------+---------+-------
